 Dungeon Sprint DCSS version 0.21-a0-279-g6037ffb (webtiles) character file.

10 Kidiri the Magician (level 2, 0/15 HPs)
             Began as a Deep Elf Fire Elementalist on Sept 23, 2017.
             Was a Follower of Vehumet.
             Slain by a fire bat (8 damage)
             ... in the Dungeon (Sprint VII: "The Pits").
             The game lasted 00:03:03 (311 turns).

Kidiri the Magician (Deep Elf Fire Elementalist)     Turns: 311, Time: 00:03:04

Health: 0/15       AC:  2    Str:  5    XL:     2   Next: 10%
Magic:  10/10      EV: 13    Int: 19    God:    Vehumet [*.....]
Gold:   0          SH:  0    Dex: 15    Spells: 8/11 levels left

rFire    . . .     SeeInvis .   q - +2 dagger
rCold    . . .     Gourm    .   (no shield)
rNeg     . . .     Faith    .   a - +0 robe
rPois    .         Spirit   .   (no helmet)
rElec    .         Reflect  .   (no cloak)
rCorr    .         Harm     .   (no gloves)
MR       .....     NoTele   +   (no boots)
Stlth    ++........             (no amulet)
HPRegen  0.05/turn              (no ring)
MPRegen  0.12/turn              (no ring)

@: no status effects
A: no striking features
a: Renounce Religion


You were in the Dungeon.
You worshipped Vehumet.
Vehumet was aware of your devotion.
You were not hungry.

You visited 1 branch

Inventory:

Hand Weapons
 q - a +2 dagger (weapon)
Armour
 a - a +0 robe (worn)
Scrolls
 i - a scroll of blinking
 l - 3 scrolls of remove curse
 m - 5 scrolls of amnesia
 n - a scroll of summoning
Potions
 e - a potion of heal wounds
 f - a potion of haste
 g - 4 potions of magic
 h - 3 potions of berserk rage
 k - 2 potions of invisibility
Books
 b - a book of Flames

   Spells                             Type                      Level
   a - Flame Tongue                   Conjuration/Fire             1
   b - Throw Flame                    Conjuration/Fire             2
   c - Conjure Flame                  Conjuration/Fire             3
   d - Inner Flame                    Hexes/Fire                   3
   e - Sticky Flame                   Conjuration/Fire             4
   f - Fireball                       Conjuration/Fire             5
Comestibles
 c - 8 bread rations
 o - 40 fruits
 p - 7 meat rations


   Skills:
 - Level 2.4 Dodging
 - Level 2.4 Stealth
 * Level 5.0 Spellcasting
 + Level 2.5 Conjurations
 + Level 3.9 Fire Magic


You had 8 spell levels left.
You knew the following spells:

 Your Spells              Type           Power        Failure   Level  Hunger
a - Flame Tongue          Conj/Fire      ###..        3%          1    None
b - Throw Flame           Conj/Fire      ###...       4%          2    #......


Dungeon Overview and Level Annotations

Branches:
Dungeon (1/1)

Altars:
Ashenzari
Cheibriados
Dithmenos
Elyvilon
Fedhas
Gozag
Hepliaklqana
Kikubaaqudgha
Makhleb
Nemelex Xobeh
Okawaru
Qazlal
Ru
Sif Muna
Trog
Uskayaw
Vehumet
Wu Jian
Xom
Yredelemnul
Zin
The Shining One
Beogh
Jiyva
Lugonu


Message History

You close the large door.
You open the large door.
An orc comes into view. It is wielding a short sword.
The orc shouts!
The orc throws a tomahawk.
The tomahawk misses you.
A fire bat comes into view.
The orc throws a tomahawk.
The tomahawk hits you but does no damage.
There is an open door here.
You see here a tomahawk.
There's something blocking the doorway.
Okay, then.
The fire bat bites you.
You are engulfed in flames!
Ouch! That really hurt!
The fire bat barely misses you.
You feel better. The fire bat closely misses you.
Okay, then.
The fire bat bites you.
You are engulfed in flames!
Ouch! That really hurt!
You die...

#_________.#
#_______...###########++
##########+##...........
#.?(.+)))+.##......#..#.
##########.##...........
#...........'.).........
#+#####'#####......#..#.
#g #...'.##...........
#..#(..#@#####+#####++
#..#####b##.......#
#..'(..#.##.......#
#..'...o.##.......#
#..########...<...# #..
#.......# #o #.......#
## #.......# #########


You could see a fire bat and an orc.

Vanquished Creatures
  An ooze (D)
  An orc (D)
  A hobgoblin (D)
  A kobold (D)
  A quokka skeleton (D)
5 creatures vanquished.

Notes
Turn   | Place    | Note
-------+----------+-------------------------------------------
     0 | D        | Kidiri the Deep Elf Fire Elementalist began the quest for the Orb.
     0 | D        | Reached XP level 1. HP: 10/10 MP: 6/6
    60 | D        | Found a bloodstained altar of Trog.
    60 | D        | Found a deep blue altar of Sif Muna.
    60 | D        | Found a viscous altar of Jiyva.
    60 | D        | Found a hazy altar of Hepliaklqana.
    60 | D        | Found an opulent altar of Gozag.
    61 | D        | Found a glowing golden altar of the Shining One.
    61 | D        | Found a glowing silver altar of Zin.
    61 | D        | Found a basalt altar of Yredelemnul.
    61 | D        | Found a shimmering altar of Xom.
    61 | D        | Found an ornate altar of the Wu Jian Council.
    61 | D        | Found a sacrificial altar of Ru.
    61 | D        | Found a stormy altar of Qazlal.
    61 | D        | Found an iron altar of Okawaru.
    61 | D        | Found a sparkling altar of Nemelex Xobeh.
    61 | D        | Found a burning altar of Makhleb.
    61 | D        | Found a blossoming altar of Fedhas.
    61 | D        | Found a white marble altar of Elyvilon.
    61 | D        | Found a shadowy altar of Dithmenos.
    61 | D        | Found a snail-covered altar of Cheibriados.
    63 | D        | Found a radiant altar of Vehumet.
    63 | D        | Found a corrupted altar of Lugonu.
    63 | D        | Found a roughly hewn altar of Beogh.
    64 | D        | Found a hide-covered altar of Uskayaw.
    64 | D        | Found an ancient bone altar of Kikubaaqudgha.
    64 | D        | Found a shattered altar of Ashenzari.
    71 | D        | Became a worshipper of Vehumet
   188 | D        | Reached skill level 4 in Spellcasting
   239 | D        | Reached * piety under Vehumet
   239 | D        | Offered knowledge of Sting by Vehumet.
   239 | D        | Reached skill level 5 in Spellcasting
   239 | D        | Reached XP level 2. HP: 12/15 MP: 5/10
   244 | D        | Learned a level 2 spell: Throw Flame
   304 | D        | Noticed a fire bat
   311 | D        | Slain by a fire bat

Vault maps used:
D:        pitsprint

Skill      XL: |  1 |
---------------+----+-----
Spellcasting   | 5 |  5.0
Conjurations   | 2 |  2.5
Dodging        | |  2.4
Stealth        | |  2.4
Fire Magic     | |  3.9

Action                   || total
-------------------------++-------
Melee: Dagger            ||     1
 Cast: Flame Tongue      ||    12
  Use: Potion            ||     1
Armor: Robe              ||     1
Dodge: Dodged            ||     8

Table legend:
 A = Spawn XP
 B = Non-spawn XP
 C = Spawn XP percentage of total XP
 D = Spawn monster count
 E = Non-spawn monster count
 F = Spawn count percentage of total count
 G = Total turns spent on level
                    A         B        C        D         E        F      G
               +---------+---------+-------+---------+---------+-------+---------
         Total |       0 |      15 |   0.0 |       0 |       5 |   0.0 |   311
               +---------+---------+-------+---------+---------+-------+---------
             D |       0 |      15 |   0.0 |       0 |       5 |   0.0 |   311
               +---------+---------+-------+---------+---------+-------+---------
